Map: Dusk Towers

Players

State - Winner!

  • Race: Protoss Protoss
  • League: Grandmaster

cArn

  • Race: Protoss Protoss
  • League: Platinum

VOD

Have the link to the VOD?

Description

Time

  • Played on: Dec. 27, 2015, 10:40 p.m.
  • Length: 4:03
Show
View Real Time Build Order
Export as new Build Order

State Protoss - Winner!

Build Orders: 1 Gate Expand 

Get SALT Encoding   

  12  0:00  Probe (Chrono Boost)  
  13  0:11  Probe (Chrono Boost)  
  14  0:18  Pylon  
  14  0:22  Probe (Chrono Boost)  
  15  0:36  Probe (Chrono Boost), Gateway  
  16  0:43  Assimilator  
  16  0:46  Probe (Chrono Boost)  
  18  0:57  Probe (Chrono Boost)  
  18  1:07  Probe (Chrono Boost)  
  19  1:18  Nexus  
  19  1:20  Probe (Chrono Boost)  
  20  1:32  Cybernetics Core  
  20  1:34  Probe (Chrono Boost)  
  21  1:44  Gateway  
  22  1:53  Pylon  
  21  1:56  Zealot (Chrono Boost)  
  21  2:01  Assimilator  
  23  2:11  Mothership Core (Chrono Boost)  
  25  2:18  Gateway  
  25  2:23  Adept (Chrono Boost)  
  28  2:30  Probe (Chrono Boost)  
  28  2:34  Adept (Chrono Boost)  
  30  2:38  Probe (Chrono Boost)  
  30  2:40  Probe (Chrono Boost)  
  32  2:50  Probe  
  33  2:52  Stalker (Chrono Boost)  
  33  2:53  Probe  
  36  3:02  Stalker (Chrono Boost)  
  39  3:13  Stalker (Chrono Boost)  
  39  3:15  Probe  
  39  3:19  Stalker (Chrono Boost)  
  39  3:23  Probe  
  40  3:27  Probe  
  39  3:35  Stalker (Chrono Boost)  
  39  3:36  Probe  
  42  3:42  Probe  
  42  3:45  Pylon  
Show
View Real Time Build Order
Export as new Build Order

cArn Protoss 

Build Orders:  

Get SALT Encoding   

  12  0:09  Probe (Chrono Boost)  
  13  0:15  Pylon  
  13  0:19  Probe (Chrono Boost)  
  14  0:30  Probe (Chrono Boost)  
  15  0:36  Pylon  
  15  0:41  Probe (Chrono Boost)  
  16  0:55  Gateway  
  16  1:00  Gateway  
  16  1:14  Gateway, Probe (Chrono Boost)  
  17  1:27  Pylon  
  17  1:44  Zealot (Chrono Boost)  
  21  1:50  Zealot (Chrono Boost)  
  21  1:57  Probe, Assimilator  
  24  2:03  Zealot (Chrono Boost)  
  26  2:09  Probe  
  26  2:12  Zealot (Chrono Boost)  
  29  2:16  Zealot (Chrono Boost)  
  29  2:21  Probe  
  30  2:27  Zealot (Chrono Boost)  
  34  2:37  Zealot (Chrono Boost)  
  34  2:43  Cybernetics Core  
  32  2:44  Probe  
  32  2:50  Zealot (Chrono Boost)  
  37  2:54  Zealot (Chrono Boost)  
  37  2:55  Assimilator  
  33  3:22  Stalker (Chrono Boost)  
  33  3:26  Stalker x2 (Chrono Boost)  
  30  3:37  Probe  
  29  3:49  Probe  
Tags
 
Add a new tag
Caveats
  • Supply blocks, unpowered buildings, or Contaminate may cause inaccurate times.
  • Supply counts are checked every 10 seconds.